 Dungeon Crawl Stone Soup version 0.18-a0-1772-gce6d5cf (webtiles) character file.

146645 TheGoonsmith the Shatterer (level 17, -3/208 HPs)
             Began as an Ogre Berserker on Apr 13, 2016.
             Was the Champion of Trog.
             Slain by an entropy weaver (4 damage)
             ... on level 3 of the Spider Nest on Apr 14, 2016.
             The game lasted 01:56:16 (31824 turns).

TheGoonsmith the Shatterer (Ogre Berserker)        Turns: 31824, Time: 01:56:17

Health: -3/208     AC: -1    Str: 26      XL:     17   Next: 45%
Magic:  17/17      EV:  9    Int: 10 (14) God:    Trog [******]
Gold:   915        SH:  0    Dex: 15 (16) Spells: 0 memorised, 16 levels left

rFire  + . .     SeeInvis .     a - +5 giant spiked club (flame)
rCold  + . .     Gourm    .     T - +1 robe of Amer {rElec rPois Int+5 Slay+3}
rNeg   + . .     Faith    .     (shield currently unavailable)
rPois  +         Spirit   .     W - +2 hat
rElec  +         Dismiss  .     U - +0 cloak of Okawaru's Vengeance {MR+ Int+3 Dex+2} (curse)
rCorr  .         Reflect  .     (gloves unavailable)
SustAt .         Harm     .     (boots unavailable)
MR     ++...                    P - amulet of Vitality {Regen+ HP+15}
Stlth  +.........               r - ring of protection from cold
                                E - ring of the Eleven Places {rF+ rN+}

@: lethally poisoned (-3 -> -4), exhausted, corroded, held, slowed, very slow,
very resistant to hostile enchantments, very unstealthy
A: unfitting armour, talons 1, regeneration 1, tough skin 1
a: Berserk, Trog's Hand, Brothers in Arms, Burn Spellbooks, Renounce Religion


You were on level 3 of the Spider Nest.
You worshipped Trog.
Trog was exalted by your worship.
You were not hungry.

You visited 4 branches of the dungeon, and saw 28 of its levels.
You also visited: Ice Cave.

You collected 2467 gold pieces.
You spent 1552 gold pieces at shops.

Inventory:

Hand Weapons
 a - a +5 giant spiked club of flaming (weapon)
Missiles
 b - 7 silver javelins
 d - 570 stones
 f - 8 steel javelins
 j - 62 tomahawks
 l - 11 javelins of returning
 p - 8 tomahawks of returning
 y - 5 exploding tomahawks
 z - 12 javelins of penetration
 O - 6 javelins
 R - 34 large rocks (quivered)
Armour
 T - the +1 robe of Amer (worn) {rElec rPois Int+5 Slay+3}
   (You found it on level 13 of the Dungeon)

   It affects your intelligence (+5).
   It affects your accuracy and damage with ranged weapons and melee attacks
   (+3).
   It insulates you from electricity.
   It protects you from poison.
 U - the cursed +0 cloak of Okawaru's Vengeance (worn) {MR+ Int+3 Dex+2}
   (You found it on level 13 of the Dungeon)

   It affects your intelligence (+3).
   It affects your dexterity (+2).
   It affects your resistance to hostile enchantments.
   It has a curse placed upon it.
 W - a +2 hat (worn)
Jewellery
 r - a ring of protection from cold (right hand)
 A - an uncursed ring of see invisible
 E - the ring of the Eleven Places (left hand) {rF+ rN+}
   (You found it in an ice cave)

   [ring of positive energy]

   It protects you from fire.
   It protects you from negative energy.
 K - an uncursed amulet of magic regeneration {unknown}
 P - the amulet of Vitality (around neck) {Regen+ HP+15}
   (You bought it in a shop on level 9 of the Dungeon)

   [amulet of regeneration]

   It affects your health (+15).
   It increases your rate of regeneration.
Scrolls
 e - 3 scrolls of fog
 k - 11 scrolls of teleportation
 q - 5 scrolls of magic mapping
 v - 15 scrolls of remove curse
 w - 5 scrolls of recharging
 L - a scroll of fear
 V - a scroll of blinking
Potions
 g - 2 potions of flight
 h - 6 potions of might
 i - a potion of cure mutation
 n - 2 potions of heal wounds
 t - 9 potions of curing
 u - 2 potions of haste {unknown}
 B - 2 potions of cancellation
 C - a potion of ambrosia
 F - a potion of invisibility
 N - a potion of resistance
 S - a potion of berserk rage {unknown}
 X - a potion of agility {unknown}
Miscellaneous
 D - a lamp of fire
 I - a phial of floods
Comestibles
 c - 11 bread rations
 J - 11 royal jellies


   Skills:
 + Level 17.8 Fighting
 - Level 24.1 Maces & Flails
 + Level 13.2 Throwing
 - Level 12.3 Dodging


You had 16 spell levels left.
You didn't know any spells.

Dungeon Overview and Level Annotations

Branches:
Dungeon (15/15)            Temple (0/1) D:5            Lair (8/8) D:10
 Shoals (0/4) Lair:3       Spider (3/4) Lair:3          Orc (2/2) D:10
    Elf (0/3) Orc:2        Vaults (0/5) D:13         Depths (0/5) D:15
  Slime: Lair:6-8

Altars:
Dithmenos
Makhleb
Nemelex Xobeh
Okawaru
Pakellas
Ru
Xom
The Shining One
Beogh

Shops:
D:5 *   D:9 =   D:11 [   Orc:1 ![   Orc:2 (=!%

Annotations:
Lair:6 exclusion: oklob plant
Spider:3 Arachne; Ultraviolent4's ghost, adept SpEn


Innate Abilities, Weirdness & Mutations

You are too large for most types of armour.
You have tough skin (AC +1).
You have sharp toenails.
Your natural rate of healing is unusually fast.


Message History

You feel sick.
The jumping spider leaps!
The redback bites you. x2
The jumping spider leaps!
The redback misses you. The redback bites you!
The jumping spider pounces on you!
* * * LOW HITPOINT WARNING * * *
You are caught in a web!
The jumping spider bites you!
* * * LOW HITPOINT WARNING * * *
You feel sick.
The jumping spider hisses angrily.
The redback bites you!
* * * LOW HITPOINT WARNING * * *
The redback closely misses you. The jumping spider pounces on you!
* * * LOW HITPOINT WARNING * * *
The jumping spider barely misses you. The entropy weaver hits you!
* * * LOW HITPOINT WARNING * * *
The entropy weaver hits you.
* * * LOW HITPOINT WARNING * * *
The entropy weaver hits you.
* * * LOW HITPOINT WARNING * * *
The entropy weaver hits you.
You die...

#..s.#.###. #......^#
#[.<....... #...#..##
...s.#..#...... ##....... ...
^.... ..... #..#.#... .
#.!..#.#.... #######.###...
.ss...####..####.#.#.#..###..
.p..#..###.....#..............
..##^....(.(.p...#............#
.# .......ss.s@...§..s.......##
......#ss#.##.####...## .....
#.†)##### ##### ....#.(.†##
##.# .#....#### ##..###
.......... ####..#.#. ....#....
# #...^.>##. #... .#.
##.###...#..... ...##....
##...^.......#..


You could see an entropy weaver, 3 jumping spiders, a tarantella and 2 redbacks.

Vanquished Creatures
  Rupert (D:12)
  An Ice Fiend (IceCv)
  The ghost of chequers the Executioner, an adept DDBe of Trog (Spider:1)
  Kirke (Lair:7)
  Roxanne (Spider:1)
  An emperor scorpion (Spider:3)
  An orc warlord (Orc:2)
  The ghost of slender the Bludgeoner, a journeyman OgBe of Trog (Lair:2)
  2 stone giants
  A salamander stormcaller (D:15)
  2 dire elephants (Lair:8)
  Azrael (Spider:1)
  6 vault guards (D:13)
  Harold (D:12)
  2 ogre magi
  An anaconda (Lair:8)
  7 hydras
  2 centaur warriors (D:15)
  7 death yaks
  A death knight (D:14)
  5 tengu warriors
  4 orc high priests (Orc:2)
  Urug (Lair:1)
  Sonja (D:15)
  A fire crab (shapeshifter) (D:15)
  A deep troll (D:15)
  2 unseen horrors
  A hill giant (D:14)
  9 orc knights
  9 orb spiders
  A hornet (Spider:2)
  2 manticores
  A griffon (Lair:6)
  A deep elf mage (D:13)
  4 orc sorcerers (Orc:2)
  20 wolf spiders
  A wolf spider zombie (D:14)
  5 cyclopes
  7 ugly things
  The ghost of wearedevo the Vandal, a novice HaWr (D:5)
  4 elephants (Lair:8)
  A centaur zombie (D:11)
  Maurice (D:13)
  An eye of devastation (shapeshifter) (D:15)
  An ice statue (IceCv)
  5 black mambas
  Psyche (D:11)
  3 torpor snails
  2 gargoyles
  15 spiny frogs
  2 centaur skeletons
  4 anaconda simulacra (IceCv)
  A kobold demonologist (D:13)
  4 freezing wraiths
  7 komodo dragons
  8 jumping spiders
  6 ice devils (IceCv)
  A queen bee (D:14)
  6 demonic crawlers
  2 merfolk (Lair:3)
  A wind drake (shapeshifter) (D:14)
  9 trolls
  3 polar bears
  Prince Ribbit (D:9)
  Grinder (D:6)
  5 two-headed ogres
  10 slime creatures
  16 blink frogs
  A vampire (D:14)
  Sigmund (D:6)
  16 tarantellas
  3 dire elephant simulacra (IceCv)
  A shadow (D:15)
  38 redbacks
  Eustachio (D:6)
  38 yaks
  3 basilisks
  A wraith (D:10)
  4 fire elementals (Spider:1)
  2 hogs (Lair:7)
  2 wyverns
  2 vampire mosquitoes (D:15)
  11 hippogriffs
  A mottled dragon (D:11)
  3 wargs
  3 hungry ghosts
  A death yak simulacrum (IceCv)
  A harpy simulacrum (IceCv)
  3 iron troll simulacra (IceCv)
  Edmund (D:6)
  16 water moccasins
  4 hell hounds (Spider:1)
  2 hydra simulacra (IceCv)
  12 porcupines
  51 orc warriors
  3 sky beasts
  2 ice beasts
  A wasp (Spider:3)
  3 black bears (D:6)
  27 ogres
  2 ettin simulacra (IceCv)
  2 necrophages
  3 phantoms
  12 wolves
  21 centaurs
  14 crocodiles
  21 giant frogs
  A wyvern zombie (D:9)
  A gnoll sergeant (D:5)
  A wyvern skeleton (D:9)
  20 killer bees
  3 scorpions
  25 wights
  7 howler monkeys
  5 electric eels
  3 giant frog zombies
  3 draconian simulacra (IceCv)
  A quasit (D:6)
  13 crimson imps
  5 giant frog skeletons
  35 orc priests
  8 hounds
  4 jellies
  27 orc wizards
  Crazy Yiuf (D:6)
  5 iguanas
  A polar bear simulacrum (IceCv)
  2 troll simulacra (IceCv)
  6 worker ants
  3 wolf simulacra (IceCv)
  31 sheep
  A centaur simulacrum (IceCv)
  10 gnolls
  4 naga simulacra (IceCv)
  2 worker ant zombies
  14 adders
  3 ogre simulacra (IceCv)
  23 river rats
  2 shadow imps
  3 white imps (IceCv)
  5 ufetubi (IceCv)
  An adder skeleton (D:5)
  A worm (D:3)
  A dart slug (D:1)
  7 giant geckos
  142 orcs
  4 ball pythons
  9 bats
  5 giant cockroaches
  3 goblins (D:1)
  10 hobgoblins
  9 jackals
  4 quokkas
  2 giant gecko skeletons
  7 giant newts
  A jackal zombie (D:7)
  4 kobolds
  A quokka skeleton (D:4)
  A quokka zombie (D:8)
  9 rats
  A fungus (D:10)
  7 plants
1079 creatures vanquished.

Vanquished Creatures (collateral kills)
  10 death yaks
  A cyclops (Orc:1)
  A wolf spider (Spider:1)
  A jumping spider (Spider:1)
  A blink frog (Lair:5)
  A redback (Spider:1)
  An orc warrior (Orc:1)
  An orc priest (Orc:1)
  A sheep (Lair:5)
  5 orcs (Orc:1)
23 creatures vanquished.

Vanquished Creatures (others)
  3 fungi
  A plant (Lair:8)
4 creatures vanquished.

Grand Total: 1106 creatures vanquished

Notes
Turn   | Place    | Note
--------------------------------------------------------------
     0 | D:1      | TheGoonsmith the Ogre Berserker began the quest for the Orb.
     0 | D:1      | Reached XP level 1. HP: 24/24 MP: 1/1
    96 | D:1      | Reached XP level 2. HP: 29/32 MP: 2/2
   272 | D:1      | Reached skill level 5 in Maces & Flails
   517 | D:1      | Reached ** piety under Trog
   517 | D:1      | Reached XP level 3. HP: 21/39 MP: 3/3
  1146 | D:2      | Reached skill level 6 in Maces & Flails
  1445 | D:2      | Reached XP level 4. HP: 33/48 MP: 4/4
  1896 | D:2      | Found a sparkling altar of Nemelex Xobeh.
  2291 | D:3      | Reached skill level 7 in Maces & Flails
  2496 | D:3      | Reached *** piety under Trog
  2502 | D:3      | Reached XP level 5. HP: 53/54 MP: 5/5
  2676 | D:3      | Received a gift from Trog
  2976 | D:4      | Reached skill level 16 in Maces & Flails
  2976 | D:4      | Reached XP level 6. HP: 62/62 MP: 6/6
  2977 | D:4      | Reached XP level 7. HP: 92/92 MP: 7/7
  3479 | D:4      | Found a glowing golden altar of the Shining One.
  3852 | D:4      | Found a burning altar of Makhleb.
  4074 | D:5      | Entered Level 5 of the Dungeon
  4074 | D:5      | Noticed wearedevo's ghost (novice HaWr)
  4082 | D:5      | Killed wearedevo's ghost
  4082 | D:5      | Reached XP level 8. HP: 101/101 MP: 8/8
  4295 | D:5      | Found an oddly glowing altar of Pakellas.
  4322 | D:5      | Found a shadowy altar of Dithmenos.
  4326 | D:5      | Found an iron altar of Okawaru.
  4400 | D:5      | Reached skill level 5 in Dodging
  4554 | D:5      | Found Laonan's Luxury Loot.
  4573 | D:5      | Found a staircase to the Ecumenical Temple.
  4789 | D:5      | Reached **** piety under Trog
  5301 | D:6      | Noticed Grinder
  5314 | D:6      | Killed Grinder
  5314 | D:6      | Reached XP level 9. HP: 71/107 MP: 9/9
  5333 | D:6      | Noticed Edmund
  5343 | D:6      | Killed Edmund
  5343 | D:6      | Reached skill level 1 in Throwing
  5418 | D:6      | Noticed Eustachio
  5430 | D:6      | Killed Eustachio
  5570 | D:6      | Noticed Crazy Yiuf
  5577 | D:6      | Killed Crazy Yiuf
  5856 | D:6      | Noticed Sigmund
  5865 | D:6      | Killed Sigmund
  6805 | D:7      | Reached XP level 10. HP: 117/117 MP: 10/10
  7998 | D:8      | Found a sacrificial altar of Ru.
  8215 | D:8      | Reached skill level 5 in Throwing
  8658 | D:9      | Found a shimmering altar of Xom.
  8678 | D:9      | Found Kerch's Jewellery Boutique.
  8717 | D:9      | Noticed Prince Ribbit
  8724 | D:9      | Received a gift from Trog
  8751 | D:9      | Killed Prince Ribbit
  8851 | D:9      | Found a shimmering altar of Xom.
  8852 | D:9      | Found a shimmering altar of Xom.
  8852 | D:9      | Found a shimmering altar of Xom.
  8853 | D:9      | Found a shimmering altar of Xom.
  8853 | D:9      | Found a shimmering altar of Xom.
  8854 | D:9      | Found a shimmering altar of Xom.
  8883 | D:9      | Reached skill level 17 in Maces & Flails
  8917 | D:9      | Reached XP level 11. HP: 112/123 MP: 11/11
  9301 | D:9      | Reached ***** piety under Trog
  9625 | D:9      | Noticed a deep troll
  9643 | D:9      | Found a shimmering altar of Xom.
  9643 | D:9      | Found a shimmering altar of Xom.
  9644 | D:9      | Noticed an anubis guard
  9648 | D:9      | You fall through a shaft for 2 floors!
  9652 | D:11     | Received a gift from Trog
  9741 | D:11     | Noticed Psyche
  9747 | D:11     | Killed Psyche
 10063 | D:11     | Noticed a manticore
 10070 | D:11     | Killed a manticore
 10299 | D:11     | Noticed a six-headed hydra
 10305 | D:11     | Killed a six-headed hydra
 10423 | D:10     | Entered Level 10 of the Dungeon
 10682 | D:10     | Found a roughly hewn altar of Beogh.
 10682 | D:10     | Found a staircase to the Orcish Mines.
 10691 | D:10     | Reached skill level 18 in Maces & Flails
 10740 | D:10     | Received a gift from Trog
 11013 | D:10     | Found a staircase to the Lair.
 11632 | D:9      | Noticed a fire crab
 11729 | Lair:1   | Entered Level 1 of the Lair of Beasts
 11741 | Lair:1   | Gained mutation: You have sharp toenails. [potion of beneficial mutation]
 12042 | Lair:1   | Reached XP level 12. HP: 132/132 MP: 12/12
 12239 | Lair:1   | Noticed Urug
 12248 | Lair:1   | Killed Urug
 12745 | Lair:2   | Noticed slender's ghost (journeyman OgBe)
 12757 | Lair:2   | Killed slender's ghost
 13257 | Lair:2   | You fall through a shaft for 2 floors!
 13412 | Lair:4   | Reached skill level 10 in Throwing
 13458 | Lair:4   | Reached skill level 19 in Maces & Flails
 13491 | Lair:4   | Received a gift from Trog
 14439 | D:9      | Bought the amulet of Vitality {Regen+ HP+15} for 555 gold pieces
 14562 | Lair:3   | Found a staircase to the Shoals.
 14657 | Lair:3   | Received a gift from Trog
 14668 | Lair:3   | Found a hole to the Spider Nest.
 15799 | Lair:5   | Received a gift from Trog
 15799 | Lair:5   | Reached XP level 13. HP: 119/140 MP: 13/13
 16419 | Lair:5   | Got a vibrating steel ring
 16431 | Lair:5   | Reached skill level 10 in Dodging
 16434 | Lair:5   | Identified the ring of the Ladybird {rPois MP+9 Int+3 Stlth+} (You found it on level 5 of the Lair of Beasts)
 17159 | Lair:6   | Received a gift from Trog
 17649 | Lair:6   | Received a gift from Trog
 18231 | Lair:1   | Gained mutation: Your natural rate of healing is unusually fast. [potion of beneficial mutation]
 18268 | Orc:1    | Entered Level 1 of the Orcish Mines
 18296 | Orc:1    | Found a roughly hewn altar of Beogh.
 18556 | Orc:1    | Reached skill level 15 in Fighting
 18569 | Orc:1    | Reached XP level 14. HP: 158/158 MP: 14/14
 18598 | Orc:1    | Found Reuz's Armour Shop.
 18620 | Orc:1    | Found Lidd's Distillery.
 18654 | Orc:1    | Received a gift from Trog
 18663 | Orc:1    | HP: 8/173 [orc warrior/trident[an orc knight] (9)]
 18797 | Orc:1    | Bought a potion of heal wounds for 65 gold pieces
 18866 | Orc:1    | Noticed a stone giant
 18928 | Orc:2    | Entered Level 2 of the Orcish Mines
 19035 | Orc:1    | Killed a stone giant
 19307 | Orc:2    | Found a roughly hewn altar of Beogh.
 19583 | Orc:2    | Found Sazutudgh's Weapon Emporium.
 19591 | Orc:2    | Bought 5 large rocks for 49 gold pieces
 19597 | Orc:2    | Found Ynejuliq's Jewellery Shoppe.
 19602 | Orc:2    | Received a gift from Trog
 19762 | Orc:2    | Noticed a stone giant
 19776 | Orc:2    | Killed a stone giant
 20270 | Orc:2    | Reached skill level 20 in Maces & Flails
 20392 | Orc:2    | Found a staircase to the Elven Halls.
 20504 | Orc:2    | Noticed an orc warlord
 20519 | Orc:2    | Killed an orc warlord
 20570 | Orc:2    | Found a roughly hewn altar of Beogh.
 20704 | Orc:2    | Found Iclil's Food Emporium.
 20751 | Orc:2    | Found Godghunaa's Distillery.
 20755 | Orc:2    | Reached ****** piety under Trog
 21336 | Orc:1    | Bought the +4 skin of Zhor {rC+++} for 685 gold pieces
 21673 | Lair:6   | Reached skill level 21 in Maces & Flails
 21723 | Lair:8   | Entered Level 8 of the Lair of Beasts
 21829 | Lair:7   | Received a gift from Trog
 21882 | Lair:7   | HP: 6/174 [death yak (22)]
 22400 | Lair:7   | Noticed Kirke
 22412 | Lair:7   | Killed Kirke
 22412 | Lair:7   | Reached XP level 15. HP: 125/167 MP: 15/15
 22646 | Lair:8   | Reached skill level 22 in Maces & Flails
 22867 | Lair:8   | Received a gift from Trog
 23936 | D:11     | Received a gift from Trog
 24306 | D:11     | Found Yzedut's Armour Shop.
 24312 | D:11     | Bought a +1 hat for 198 gold pieces
 24539 | D:12     | Noticed Rupert
 24544 | D:12     | Paralysed by Rupert for 4 turns
 24550 | D:12     | Killed Rupert
 25062 | D:12     | Noticed Harold
 25080 | D:12     | Killed Harold
 25080 | D:12     | Received a gift from Trog
 25322 | D:13     | Noticed Maurice
 25329 | D:13     | Killed Maurice
 25426 | D:13     | Got an ancient robe
 25427 | D:13     | Identified the +1 robe of Amer {rElec rPois Int+5 Slay+3} (You found it on level 13 of the Dungeon)
 25678 | D:13     | Got a twisted cloak
 25679 | D:13     | Identified the cursed +0 cloak of Okawaru's Vengeance {MR+ Int+3 Dex+2} (You found it on level 13 of the Dungeon)
 26021 | D:13     | Found a gate to the Vaults.
 26164 | D:14     | Received a gift from Trog
 26183 | D:14     | Reached XP level 16. HP: 178/178 MP: 16/16
 26947 | D:14     | Reached skill level 23 in Maces & Flails
 27068 | D:15     | Entered Level 15 of the Dungeon
 27114 | D:15     | HP: 8/193 [centaur warrior/arrow (20)]
 27539 | D:15     | Noticed Sonja
 27542 | D:15     | Received a gift from Trog
 27550 | D:15     | Killed Sonja
 27552 | D:15     | Got a dazzling giant club {god gift}
 27553 | D:15     | Identified the +4 giant club of the Endless March {holy, *Confuse rC++ rN+++ Stlth+} (Trog gifted it to you on level 15 of the Dungeon)
 27751 | D:15     | Found a staircase to the Depths.
 27923 | D:15     | Reached skill level 24 in Maces & Flails
 28305 | Lair:1   | Upgraded the game from 0.18-a0-1763-g7aac3cf to 0.18-a0-1772-gce6d5cf
 28360 | Spider:1 | Entered Level 1 of the Spider Nest
 28397 | Spider:1 | Noticed chequers's ghost (adept DDBe)
 28405 | Spider:1 | Killed chequers's ghost
 28843 | Spider:1 | Noticed Azrael
 28867 | Spider:1 | Killed Azrael
 28967 | Spider:1 | Received a gift from Trog
 29088 | Spider:1 | Noticed Roxanne
 29177 | Spider:1 | Killed Roxanne
 29416 | Spider:2 | Received a gift from Trog
 29539 | Spider:2 | Found a frozen archway.
 29570 | IceCv    | Entered an ice cave
 29595 | IceCv    | Reached XP level 17. HP: 189/189 MP: 17/17
 30141 | IceCv    | Noticed an Ice Fiend
 30325 | IceCv    | Killed an Ice Fiend
 30409 | IceCv    | Got a sparkling bone ring
 30648 | Spider:2 | Identified the ring of the Eleven Places {rF+ rN+} (You found it in an ice cave)
 30889 | Spider:2 | Received a gift from Trog
 31345 | Spider:3 | Noticed Ultraviolent4's ghost (adept SpEn)
 31619 | Spider:3 | Noticed Arachne
 31824 | Spider:3 | HP: 8/208 [entropy weaver (7)]
 31824 | Spider:3 | HP: 1/208 [entropy weaver (3)]
 31824 | Spider:3 | Slain by an entropy weaver

Vault maps used:
D:1:      dpeg_arrival_rooms_b, minmay_stone_trees_small
D:2:      lemuel_crystal_altar
D:3:      first_bread, serial_bayou_ford_a, minmay_shallow_snake_nest
D:4:      tso_metal_star, lemuel_doored_altar, serial_park_tiny_2
D:5:      grunt_pakellas_mercury, nicolae_overflow_hidden_temple,
          minmay_temple_entry_overgrown, lightli_ossuary_entry_decrepit_ruins,
          st_stairs_11, nicolae_alphabet_shops
D:6:      roderic_serpentine_path, uniq_crazy_yiuf_cottage, uniq_grinder,
          uniq_edmund, uniq_sigmund, uniq_eustachio
D:7:      minivault_27
D:8:      kennysheep_little_box
D:9:      xom_shifter_show, serial_shops, shop, uniq_prince_ribbit1
D:10:     due_lair_maze_entry_diamond, david_orc_5
D:11:     serial_shops, shop, uniq_psyche
D:12:     uniq_harold, uniq_rupert
D:13:     erik_vaults_2, uniq_maurice
D:14:     serial_bayou_pond_a, david_nohive_1
D:15:     hangedman_depths_entry_civil_slaughter, minivault_26, uniq_sonja
Lair:1:   minmay_hedge_maze, infiniplex_staircase_pool, grunt_megastairs_3,
          uniq_urug
Lair:2:   lemuel_fruit_fields
Lair:3:   elwin_shoals_entry_rooms, spider_nest_entry_funnel_web,
          cheibrodos_lair_reptile_den
Lair:4:   st_stairs_9, grunt_megastairs_4, bh_autumn_forest_stairs,
          lemuel_fruit_tree
Lair:6:   minmay_slime_entry_oklob_enclosed, lemuel_fruit_fields,
          grunt_megastairs_5, serial_bayou_shore_b
Lair:7:   kennysheep_catoblepas_arena, serial_bayou_shore_a, uniq_kirke
Lair:8:   due_jungle_book
Spider:1: uniq_azrael, uniq_roxanne
Spider:2: portal_ice_cave_entry_pillars_01
Spider:3: uniq_arachne
Orc:1:    serial_shops, shop, shop, mines2_david
Orc:2:    pubby_orc_utopia
IceCv:    ice_cave_caverns_03

Skill      XL: |  1  2  3  4  5  6  7  8  9 10 11 12 13 14 15 16 17 |
---------------+----------------------------------------------------+-----
Maces & Flails | 5 6 7 16 17 18 19 21 22 24 | 24.1
Fighting       | 12 15 16 17 | 17.8
Dodging        | 4 5 8 10 12 | 12.3
Throwing       | 3 6 8 10 11 12 13 | 13.2

Action                   |  1- 3 |  4- 6 |  7- 9 | 10-12 | 13-15 | 16-18 || total
-------------------------+-------+-------+-------+-------+-------+-------++-------
Melee: Mace              |    99 |    71 |    21 |       |       |       ||   191
       Flail             |       |       |   199 |       |       |       ||   199
       Giant spiked club |       |       |    21 |   619 |   658 |   198 ||  1496
       Kick              |       |       |       |    70 |   309 |   215 ||   594
       Giant club        |       |       |       |       |   193 |       ||   193
       Giant spiked club |       |       |       |       |       |   337 ||   337
Throw: Stone             |    95 |    73 |   181 |   440 |   118 |       ||   907
       Tomahawk          |       |       |       |       |   144 |    37 ||   181
       Javelin           |       |       |       |       |    59 |    21 ||    80
       Large rock        |       |       |       |       |    51 |    37 ||    88
Invok: Berserk           |       |       |     7 |     9 |     9 |     1 ||    26
       Trog's Hand       |       |       |     2 |     7 |     7 |       ||    16
       Burn Spellbooks   |       |       |     1 |     1 |     4 |     1 ||     7
       Brothers in Arms  |       |       |       |       |     6 |       ||     6
       Berserk           |       |       |       |       |       |     5 ||     5
       Trog's Hand       |       |       |       |       |       |     3 ||     3
       Burn Spellbooks   |       |       |       |       |       |     2 ||     2
       Brothers in Arms  |       |       |       |       |       |     1 ||     1
  Use: Scroll            |       |     5 |    12 |    12 |    15 |       ||    44
       Potion            |       |     2 |       |     1 |     4 |       ||     7
       Potion            |       |       |       |       |       |     2 ||     2
       Scroll            |       |       |       |       |       |     2 ||     2
 Stab: Sleeping          |       |       |       |     3 |     6 |     3 ||    12
       Distracted        |       |       |       |       |     2 |       ||     2
       Distracted        |       |       |       |       |       |     1 ||     1
  Eat: Chunk             |       |     2 |    11 |    18 |    31 |     4 ||    66
       Meat ration       |       |     1 |     1 |     3 |     1 |     1 ||     7
       Bread ration      |       |       |     1 |       |     2 |       ||     3
       Pizza             |       |       |     1 |     1 |       |       ||     2
       Meat ration       |       |       |       |       |       |     3 ||     3
       Beef jerky        |       |       |       |       |       |     2 ||     2
       Fruit             |       |       |       |       |       |     1 ||     1
       Fruit             |       |       |       |       |       |     1 ||     1
Armor: Animal skin       |    27 |    15 |     5 |       |    70 |       ||   117
       Robe              |       |       |    36 |    56 |     6 |    30 ||   128
       Mottled dragon ar |       |       |       |    81 |   122 |       ||   203
       Robe              |       |       |       |       |       |    40 ||    40
       Animal skin       |       |       |       |       |       |    16 ||    16
       Skin              |       |       |       |       |       |     1 ||     1
Dodge: Dodged            |    56 |    29 |    95 |   305 |   724 |   171 ||  1380
       Dodged            |       |       |       |       |       |   370 ||   370
